AoeStats
← 落花之情

Arena

504848595Analyzed
4v4 RM · 24d ago on Sep 6, 2026· 23m 58s· 8 players
Game mode
Random Map
Map size
Large (8 player)
Population
200
Speed
Normal
Resources
Standard
Victory
Conquest
Starting age
Dark Age
Ending age
Imperial Age
RankedLock teamsTeams togetherTeam positionsShared explorationLock speedFull tech treeHidden civsTurbo modeCheats
Victory
Defeat
🇩🇪 Maya · Germany
1853
+7
🇩🇪 Romans · Germany
1824
+8
🇩🇪 Khitans · Germany
1567
+17
🇩🇪 Georgians · Germany
1423
+22
🇺🇸 Spanish · United States
1680
-16
🇺🇸 Armenians · United States
1610
-13
🇨🇳 Khmer · China
1602
-13
🇵🇹 Chinese · Portugal
1582
-12
DS_SayGG
9:32 Feudal Age
13:52 Castle Age
12:12 Double-Bit Axe
13:11 Horse Collar
17:50 Loom
20:51 Redemption
20:54 Scale Mail Armor
20:41 Town Watch
21:14 Gold Mining
21:59 Forging
22:15 Sanctity
22:12 Fervor
Ohlan100
10:41 Feudal Age
10:25 Loom
13:21 Fletching
16:34 Castle Age
15:29 Horse Collar
15:36 Double-Bit Axe
17:45 Bow Saw
落花之情
10:34 Feudal Age
14:15 Castle Age
12:38 Double-Bit Axe
12:34 Horse Collar
14:23 Loom
15:13 Bow Saw
Santoryu
0:28 Loom
11:19 Feudal Age
15:26 Castle Age
14:07 Double-Bit Axe
16:25 Bow Saw
20:08 Horse Collar
22:15 Wheelbarrow
23:45 Hand Cart
chrizbee
10:50 Feudal Age
14:34 Castle Age
12:45 Double-Bit Axe
12:42 Domestication
13:32 Gold Mining
17:21 Wheelbarrow
16:47 Fletching
18:58 Loom
20:13 Ballistics
21:51 Bodkin Arrow
LM | kingofthrowing123
9:43 Feudal Age
13:15 Castle Age
11:35 Double-Bit Axe
22:37 Redemption
22:35 Horse Collar
CaptainMorgan
6:29 Loom
9:20 Feudal Age
11:24 Fletching
13:06 Horse Collar
16:21 Double-Bit Axe
22:44 Castle Age
20:47 Gold Mining
23:58 Heavy Plow
LM | MaisterNippon
11:09 Feudal Age
14:48 Castle Age
12:37 Double-Bit Axe
13:42 Scale Mail Armor
14:31 Horse Collar
14:52 Eagle Warrior
17:14 Chain Mail Armor
21:09 Squires
22:44 Gold Mining
Connection lost

Rejoining the realm…

Still unreachable

The connection could not be restored.

Session expired

The server has moved on; the page needs a fresh start.